 Dungeon Crawl Stone Soup version 0.18.1-5-g4a78601 (webtiles) character file.

157 epen the Ducker (level 5, -2/39 HPs)
             Began as a Demonspawn Gladiator on May 14, 2016.
             Was an Initiate of Okawaru.
             Slain by a scorpion (5 damage)
             ... on level 3 of the Dungeon.
             The game lasted 00:03:55 (2892 turns).

epen the Ducker (Demonspawn Gladiator)              Turns: 2892, Time: 00:03:55

Health: -2/39      AC:  9    Str: 15 (17) XL:     5   Next: 15%
Magic:  5/5        EV: 10    Int: 11 (14) God:    Okawaru [......]
Gold:   73         SH:  0    Dex: 10 (13) Spells: 0 memorised, 4 levels left

rFire  . . .     SeeInvis .       - Unarmed
rCold  . . .     Gourm    .     g - +0 ring mail
rNeg   . . .     Faith    .     (no shield)
rPois  .         Spirit   .     (helmet restricted)
rElec  .         Dismiss  .     o - +0 cloak
rCorr  .         Reflect  .     (no gloves)
SustAt .         Harm     .     (no boots)
MR     .....                    (no amulet)
Stlth  ..........               (no ring)
                                (no ring)

@: brilliant, lethally poisoned (-2 -> -16), flying, not resistant to hostile
enchantments, extremely unstealthy
A: horns 1, molten scales 2, powered by pain 1
a: Renounce Religion


You were on level 3 of the Dungeon.
You worshipped Okawaru.
Okawaru was noncommittal.
You were hungry.

You visited 1 branch of the dungeon, and saw 3 of its levels.

You collected 73 gold pieces.

Inventory:

Missiles
 c - 3 throwing nets (quivered)
Armour
 a - a +0 leather armour
 b - a +0 helmet
 g - a +0 ring mail (worn)
 o - a +0 cloak (worn)
Scrolls
 e - 2 scrolls of noise {unknown}
 f - 2 scrolls of identify {unknown}
 h - a scroll of enchant weapon {unknown}
 i - 3 scrolls of teleportation {unknown}
 k - a scroll of immolation {unknown}
 l - a scroll of random uselessness {unknown}
 n - 2 scrolls of magic mapping {unknown}
 u - a scroll of remove curse {unknown}
Potions
 q - a potion of brilliance
 r - a potion of cancellation {unknown}
 s - a potion of degeneration
 t - a potion of mutation {unknown}
Comestibles
 d - a bread ration
 p - 3 meat rations
 v - a chunk of flesh
 w - a slice of pizza


   Skills:
 + Level 2.6 Fighting
 - Level 1.7 Throwing
 + Level 1.5 Armour
 * Level 4.0 Dodging
 * Level 3.5 Unarmed Combat


You had 4 spell levels left.
You didn't know any spells.

Dungeon Overview and Level Annotations

Branches:
Dungeon (3/15)

Altars:
Okawaru
Vehumet


Innate Abilities, Weirdness & Mutations

You have a pair of small horns on your head.
You are mostly covered in molten scales (AC +3, EV -1).
You sometimes gain a little power by taking damage.


Message History

You closely miss the scorpion. You headbutt the scorpion.
The scorpion is heavily wounded.
You feel sick. The scorpion closely misses you.
You closely miss the scorpion.
The scorpion is heavily wounded.
You feel sick. The scorpion barely misses you.
You hit the scorpion. Your headbutt misses the scorpion.
The scorpion is severely wounded.
You feel sick. The scorpion barely misses you.
You barely miss the scorpion. Your headbutt misses the scorpion.
The scorpion is severely wounded.
The scorpion stings you.
* * * LOW HITPOINT WARNING * * *
You are more poisoned.
The scorpion poisons you!
You barely miss the scorpion.
The scorpion is severely wounded.
* * * LOW HITPOINT WARNING * * *
You feel sick. The scorpion stings you.
You die...

...+. ...#. #....#
...... ......#
.......
.......###########
#.....s@...).)..#
#...#.#########.#
#.#... #.# #.#...
#.# #.#...## #.#
#.#....# #.#
#.#.#..# #.#
#.#.#..## #.#
####.#.##..# #.#


You could see a scorpion.

Vanquished Creatures
  3 adders
  3 gnolls (D:3)
  2 oozes
  3 worms
  4 dart slugs
  3 giant geckos
  5 orcs (D:3)
  10 bats
  3 giant cockroaches
  3 goblins (D:1)
  4 hobgoblins
  5 jackals
  A quokka (D:2)
  A ball python (D:1)
  3 giant newts
  9 kobolds
  10 rats
72 creatures vanquished.

Notes
Turn   | Place    | Note
--------------------------------------------------------------
     0 | D:1      | epen the Demonspawn Gladiator began the quest for the Orb.
     0 | D:1      | Reached XP level 1. HP: 16/16 MP: 1/1
    77 | D:1      | Reached skill level 3 in Dodging
    77 | D:1      | Gained mutation: You are partially covered in molten scales (AC +1). [demonic ancestry]
    77 | D:1      | Reached XP level 2. HP: 13/22 MP: 2/2
   742 | D:1      | Gained mutation: You sometimes gain a little power by taking damage. [demonic ancestry]
   742 | D:1      | Reached XP level 3. HP: 27/27 MP: 3/3
  1360 | D:2      | Reached skill level 1 in Armour
  1577 | D:2      | Gained mutation: You have a pair of small horns on your head. [demonic ancestry]
  1577 | D:2      | Reached XP level 4. HP: 20/34 MP: 4/4
  2042 | D:2      | Found an iron altar of Okawaru.
  2056 | D:2      | Became a worshipper of Warmaster Okawaru
  2073 | D:2      | Found a radiant altar of Vehumet.
  2820 | D:3      | Gained mutation: You are mostly covered in molten scales (AC +3, EV -1). [demonic ancestry]
  2820 | D:3      | Reached XP level 5. HP: 19/39 MP: 5/5
  2825 | D:3      | Reached skill level 4 in Dodging
  2892 | D:3      | Slain by a scorpion

Skill      XL: |  1  2  3  4  5 |
---------------+----------------+-----
Dodging        | 3 4 |  4.0
Unarmed Combat | 3 |  3.5
Armour         | 1 |  1.5
Fighting       | |  2.6
Throwing       | |  1.7

Action                   |  1- 3 |  4- 6 || total
-------------------------+-------+-------++-------
Melee: Unarmed           |   174 |   121 ||   295
       Punch             |     1 |       ||     1
       Headbutt          |       |    15 ||    15
  Use: Potion            |       |     4 ||     4
  Eat: Chunk             |     2 |     4 ||     6
Armor: Ring mail         |    62 |    29 ||    91
Dodge: Dodged            |   138 |    62 ||   200
